 Dungeon Crawl Stone Soup version 0.31-a0-175-g9f7f995f2b (webtiles) character file.

Game seed: 17228570693124738353

1770 sirrilothe2nd the Grappler (level 8, -1/78 HPs)
             Began as a Troll Berserker on May 15, 2023.
             Was a Believer of Trog.
             Slain by an orc warrior
             ... wielding a +0 scimitar
              (4 damage)
             ... on level 7 of the Dungeon on June 18, 2023.
             The game lasted 00:30:50 (5581 turns).

sirrilothe2nd the Grappler (Troll Berserker)        Turns: 5581, Time: 00:30:50

Health: -1/78      AC:  7    Str: 28    XL:     8   Next: 80%
Magic:  7/7        EV: 11    Int:  3    God:    Trog [**....]
Gold:   288        SH:  0    Dex:  9    Spells: 7/7 levels left

rFire   . .          .
                       - Unarmed
rCold   . . .        (no shield)
rNeg    . . .        a - +0 animal skin
rPois   +            (helmet restricted)
rElec   .            j - +2 cloak
rCorr   .            (gloves unavailable)
SInv    .            (boots unavailable)
Will    .....        (no amulet)
Stlth   +            o - ring of poison resistance
HPRegen 1.13/turn    (no ring)
MPRegen 0.10/turn

%: no passive effects
@: no status effects
A: large, unfitting armour, claws 3, regeneration 1, shaggy fur 1, tough skin 1
a: Renounce Religion, Berserk, Trog's Hand


You were on level 7 of the Dungeon.
You worshipped Trog.
Trog was pleased with you.
You visited 2 branches of the dungeon, and saw 8 of its levels.

You collected 288 gold pieces.

Inventory:

Hand Weapons
 t - a +0 war axe
 v - a +0 hand axe
 w - a +0 dagger
Missiles
 i - 39 stones
Armour
 a - a +0 animal skin (worn)
 j - a +2 cloak (worn)
 l - a +0 scale mail
 m - a +0 cloak
 n - a +0 pair of boots
 p - a +0 plate armour
 s - a +0 ring mail
 u - a +0 chain mail
 x - a +2 leather armour of willpower
 D - a +0 scale mail
Magical Staves
 J - a staff of fire
Jewellery
 o - a ring of poison resistance (left claw)
Wands
 I - a wand of iceblast (8)
Scrolls
 b - a scroll of silence {unknown}
 d - 3 scrolls of fear {unknown}
 g - 2 scrolls of noise {unknown}
 h - 2 scrolls of teleportation {unknown}
 k - 6 scrolls of identify {unknown}
 q - 2 scrolls of enchant weapon {unknown}
 r - a scroll of vulnerability {unknown}
 y - 2 scrolls of revelation {unknown}
Potions
 c - a potion of mutation {unknown}
 e - 3 potions of curing {unknown}
 f - a potion of berserk rage {unknown}
 z - a potion of brilliance {unknown}
 A - a potion of haste {unknown}
 B - a potion of degeneration {unknown}
 C - 3 potions of cancellation {unknown}
 E - a potion of ambrosia {unknown}
 F - a potion of might {unknown}
 G - a potion of lignification {unknown}


   Skills:
 + Level 3.7 Fighting
 + Level 5.6 Dodging
 + Level 1.4 Stealth
 + Level 9.0 Unarmed Combat


You had 7 spell levels left.
You didn't know any spells.
Your spell library contained the following spells:

 Spells                   Type           Power      Damage    Failure   Level
 Magic Dart               Conj           0%         1d3       52%         1
 Sting                    Tmut/Pois      0%         1d3       52%         1
 Call Imp                 Summ           0%         N/A       67%         2
 Poisonous Vapours        Pois/Air       0%         N/A       67%         2
 Searing Ray              Conj           0%         2d4       67%         2
 Mephitic Cloud           Conj/Pois/Air  0%         N/A       88%         3
 Fulminant Prism          Conj/Hex       0%         3d5       99%         4
 Olgreb's Toxic Radiance  Pois           0%         N/A       99%         4


Dungeon Overview and Level Annotations

Branches:
Dungeon (7/15)             Temple (1/1) D:6

Altars:
Ashenzari
Cheibriados
Dithmenos
Elyvilon
Fedhas
Gozag
Hepliaklqana
Kikubaaqudgha
Makhleb
Nemelex Xobeh
Okawaru
Qazlal
Ru
Sif Muna
Uskayaw
Vehumet
Xom
Yredelemnul
Zin
The Shining One

Shops:
D:1 *   D:2 [   D:4 =   D:6 *


Innate Abilities, Weirdness & Mutations

You are too large for most types of armour.
You have claws for hands.
Your natural rate of healing is unusually fast.
You are covered in fur. (AC +1)
You have tough skin. (AC +1)


Message History

The killer bee stings you. x3
You are poisoned.
The killer bee poisons you!
The orc warrior hits you with a +0 scimitar.
The killer bee barely misses you.
You mangle the killer bee!!
You kill the killer bee!
Trog accepts your kill.
You feel sick. The killer bee completely misses you.
Your Unarmed Combat skill increases to level 9!
You feel sick. The killer bee stings you. x2
* * * LOW HITPOINT WARNING * * *
You scratch the orc warrior.
The orc warrior is lightly wounded.
You feel sick. The killer bee stings you.
* * * LOW HITPOINT WARNING * * *
The orc warrior barely misses you.
The killer bee stings you but does no damage.
As you read the scroll of fog, it dissolves into smoke.
You feel sick. The killer bee closely misses you.
The orc warrior hits you with a +0 scimitar!
* * * LOW HITPOINT WARNING * * *
The orc hits you but does no damage. The killer bee stings you!
* * * LOW HITPOINT WARNING * * *
You barely miss the orc.
You feel sick.
The killer bee stings you but does no damage.
The orc hits you with a +0 hand axe.
* * * LOW HITPOINT WARNING * * *
The orc warrior barely misses you. The killer bee closely misses you.
You mangle the orc!!
You kill the orc!
Trog accepts your kill.
You feel sick.
You are no longer poisoned.
The killer bee barely misses you. The orc warrior completely misses you.
The killer bee attacks as you move away!
The killer bee closely misses you.
The orc warrior attacks as you move away!
The orc warrior hits you with a +0 scimitar.
You die...

#.#.. #.#.
. ..#. ..
#.. ... ...
.... #§#
..... #§#
....!.#@###
.....§yo§§#
.....§§##§#
###.#.. #.#
# ##. ###
.. ##


You could see an orc warrior and a killer bee.

Vanquished Creatures
  The ghost of AwFulAwFulPlayer the Martial Artist, a novice OpMo (D:5)
  A water moccasin (D:6)
  A sky beast (D:6)
  2 black bears
  A phantom (D:5)
  2 bullfrogs
  A scorpion (D:5)
  A water moccasin skeleton (D:5)
  4 killer bees (D:7)
  2 howler monkeys
  An orc priest (D:5)
  A hound (D:5)
  A bullfrog skeleton (D:5)
  A sleepcap (D:5)
  An iguana (D:5)
  4 orc wizards
  7 gnolls (D:5)
  7 adders
  A white imp (D:5)
  3 worms
  2 dart slugs (D:4)
  15 orcs
  5 ball pythons
  2 bats
  3 endoplasms
  3 giant cockroaches
  6 goblins
  3 hobgoblins
  3 quokkas
  A frilled lizard (D:1)
  7 kobolds
  6 rats
99 creatures vanquished.

Notes
Turn   | Place    | Note
-------+----------+-------------------------------------------
     0 | D:1      | sirrilothe2nd the Troll Berserker began the quest for the
                  | Orb.
     0 | D:1      | Reached XP level 1. HP: 22/22 MP: 0/0
   226 | D:1      | Reached XP level 2. HP: 29/29 MP: 1/1
   351 | D:1      | Found Gaehah's Assorted Antiques.
   362 | D:1      | Upgraded the game from 0.31-a0-37-g98a128e1d9 to
                  | 0.31-a0-175-g9f7f995f2b
   845 | D:2      | Reached XP level 3. HP: 27/36 MP: 2/2
  1448 | D:2      | Found Qaoxkis's Antique Armour Shop.
  2230 | D:3      | Reached skill level 4 in Unarmed Combat
  2230 | D:3      | Reached XP level 4. HP: 44/44 MP: 3/3
  2824 | D:4      | Reached ** piety under Trog
  2849 | D:4      | Found Ykot's Jewellery Emporium.
  2913 | D:4      | Found a shadowy altar of Dithmenos.
  3355 | D:5      | Entered Level 5 of the Dungeon
  3361 | D:5      | Reached XP level 5. HP: 53/53 MP: 4/4
  3371 | D:5      | Noticed a black bear
  3378 | D:5      | Reached skill level 5 in Unarmed Combat
  3381 | D:5      | Reached XP level 6. HP: 48/61 MP: 5/5
  3451 | D:5      | Reached skill level 6 in Unarmed Combat
  3547 | D:5      | Reached XP level 7. HP: 32/67 MP: 6/6
  3675 | D:5      | Found a glowing golden altar of the Shining One.
  3729 | D:5      | Found a transporter.
  3772 | D:5      | Found a transporter.
  3799 | D:5      | Noticed AwFulAwFulPlayer's ghost (novice OpMo)
  3805 | D:5      | Reached skill level 1 in Stealth
  3815 | D:5      | Killed AwFulAwFulPlayer's ghost
  3816 | D:5      | Reached skill level 7 in Unarmed Combat
  3816 | D:5      | Reached XP level 8. HP: 57/75 MP: 7/7
  3951 | D:5      | Found an ancient bone altar of Kikubaaqudgha.
  4331 | D:6      | Found Merphas's Assorted Antiques.
  4443 | D:6      | Reached skill level 8 in Unarmed Combat
  4547 | D:6      | Reached skill level 5 in Dodging
  4747 | D:6      | Found a staircase to the Ecumenical Temple.
  4757 | Temple   | Entered the Ecumenical Temple
  5432 | D:6      | Found a stormy altar of Qazlal.
  5576 | D:7      | Reached skill level 9 in Unarmed Combat
  5579 | D:7      | HP: 3/78 [orc/+0 hand axe (1)]
  5581 | D:7      | Slain by an orc warrior

Illustrated notes

Levels and vault maps discovered:
D:1:      moated_graveyard_arrival, layout_rooms, serial_shops, shop_statue
D:2:      layout_loops_corners, serial_shops, shop, serial_bayou_pond_a
D:3:      minmay_diamond_boxcup, layout_loops_ring
D:4:      layout_cave_pools, nicolae_dithmenos_the_darkroom, serial_shops, shop,
          hellmonk_guarded_unrand_hermit
D:5:      layout_basic, nicolae_overflow_hidden_temple,
          gammafunk_ghost_mausoleum
D:6:      layout_loops_ring, nicolae_qazlal_beasts_of_the_sky,
          minmay_temple_entry_drinking_statues, serial_shops, shop
D:7:      layout_basic, tgw_trog, serial_shops, shop, st_stairs_5
Temple:   eino_temple_rhombus

Skill      XL: |  1  2  3  4  5  6  7  8 |
---------------+-------------------------+-----
Dodging        | 3 4 5 |  5.6
Unarmed Combat | 4 5 6 7 9 |  9.0
Fighting       | 3 |  3.7
Stealth        | 1 |  1.4

Action                     |  1- 3 |  4- 6 |  7- 9 || total
---------------------------+-------+-------+-------++-------
  Melee: Unarmed           |    82 |   114 |    92 ||   288
         Punch             |       |     1 |     4 ||     5
 Invoke: Berserk           |       |     2 |       ||     2
    Use: Scroll            |     1 |       |     1 ||     2
   Stab: Distracted        |       |     1 |       ||     1
 Armour: Animal skin       |    42 |    67 |    45 ||   154
  Dodge: Dodged            |    64 |   105 |    55 ||   224

Table legend: (Time is in decaauts)
 A = Elapsed time spent in this place.
 B = Non-inter-level travel time spent in this place.
 C = Inter-level travel time spent in this place.
 D = Time resting spent in this place.
 E = Time spent auto-exploring this place.
 F = Levels seen in this place.
 G = Mean time per level.
                   A        B        C        D        E       F      G
               +--------+--------+--------+--------+--------+-----+--------+
         Total |   5568 |   5551 |     17 |     72 |      0 |   8 |  696.0 |
       Dungeon |   5262 |   5245 |     17 |     72 |      0 |   7 |  751.7 |
        Temple |    305 |    305 |      0 |      0 |      0 |   1 |  305.0 |
               +--------+--------+--------+--------+--------+-----+--------+

Top non-repeatable levels by time:
     D:2: 1088 daAuts
     D:6: 986 daAuts
     D:5: 904 daAuts
     D:3: 834 daAuts
     D:4: 761 daAuts
     D:1: 667 daAuts
  Temple: 305 daAuts
     D:7: 20 daAuts
